Map: Cactus Valley LE (Void)

Players

ShoWTimE

  • Race: Protoss Protoss
  • Spawn Location: 11:00

Neeb - Winner!

  • Race: Protoss Protoss
  • Spawn Location: 5:00

Event: WCS Austin 2017

VOD

Have the link to the VOD?

Description

Time

  • Played on: April 29, 2017, 9:48 p.m.
  • Length: 23:33

All games in this series

Show
View Real Time Build Order
Export as new Build Order

ShoWTimE Protoss 

Build Orders:  

Get SALT Encoding   

  12  0:00  Probe (Chrono Boost)  
  13  0:11  Probe (Chrono Boost)  
  14  0:18  Pylon  
  14  0:22  Probe (Chrono Boost)  
  15  0:36  Probe (Chrono Boost), Gateway  
  16  0:43  Assimilator  
  16  0:47  Probe (Chrono Boost)  
  17  0:51  Assimilator  
  17  0:57  Probe (Chrono Boost)  
  18  1:08  Probe (Chrono Boost)  
  18  1:09  Gateway  
  20  1:18  Probe (Chrono Boost)  
  20  1:23  Cybernetics Core  
  20  1:29  Probe (Chrono Boost)  
  21  1:34  Pylon  
  21  1:39  Probe (Chrono Boost)  
  22  1:45  Warp Gate  
  22  1:50  Probe (Chrono Boost)  
  23  2:00  Adept  
  23  2:01  Adept  
  27  2:07  Mothership Core (Chrono Boost)  
  29  2:11  Pylon  
  29  2:28  Stalker  
  29  2:29  Stalker  
  33  2:36  Pylon  
  33  2:52  Gateway  
  33  2:56  Gateway  
  33  3:02  Stalker  
  35  3:09  Stalker  
  33  3:50  Adept  
  33  3:51  Adept x3  
  33  3:54  Pylon  
  41  4:17  Stalker x2  
  41  4:18  Stalker x2  
  49  4:34  Pylon  
  49  4:47  Probe (Chrono Boost), Sentry x2  
  54  4:59  Probe (Chrono Boost)  
  55  5:07  Nexus  
  53  5:10  Probe (Chrono Boost)  
  53  5:22  Stargate  
  53  5:24  Probe (Chrono Boost)  
  53  5:28  Stalker  
  56  5:35  Probe (Chrono Boost)  
  56  5:38  Adept  
  58  5:47  Probe (Chrono Boost)  
  59  5:52  Pylon  
  59  5:58  Robotics Facility  
  59  6:01  Probe (Chrono Boost)  
  50  6:16  Adept x2  
  52  6:21  Phoenix, Adept  
  56  6:25  Adept  
  54  6:34  Pylon  
  54  6:40  Adept  
  54  6:42  Adept  
  58  6:50  Stalker  
  58  6:56  Stalker  
  58  7:03  Phoenix  
  58  7:05  Probe (Chrono Boost)  
  58  7:06  Probe (Chrono Boost)  
  63  7:15  Probe (Chrono Boost)  
  63  7:21  Robotics Facility  
  64  7:24  Probe (Chrono Boost)  
  64  7:26  Probe (Chrono Boost)  
  64  7:28  Phoenix  
  69  7:37  Probe (Chrono Boost)  
  69  7:38  Probe (Chrono Boost)  
  69  7:47  Probe (Chrono Boost)  
  69  7:50  Probe (Chrono Boost)  
  69  7:51  Stargate  
  71  7:53  Assimilator  
  71  7:54  Assimilator  
  71  7:58  Probe (Chrono Boost)  
  72  8:02  Probe (Chrono Boost), Phoenix  
  73  8:08  Probe (Chrono Boost)  
  73  8:11  Observer  
  78  8:14  Probe (Chrono Boost)  
  78  8:21  Probe (Chrono Boost)  
  78  8:26  Probe (Chrono Boost)  
  80  8:29  Pylon  
  80  8:31  Phoenix  
  80  8:36  Phoenix  
  84  8:52  Observer  
  84  8:54  Phoenix  
  85  9:03  Nexus  
  85  9:05  Probe (Chrono Boost)  
  85  9:06  Pylon  
  85  9:07  Probe (Chrono Boost)  
  85  9:08  Phoenix  
  89  9:16  Probe (Chrono Boost)  
  92  9:27  Fleet Beacon  
  92  9:34  Pylon  
  92  9:35  Probe x2 (Chrono Boost)  
  92  9:38  Void Ray x2  
  100  9:48  Immortal  
  104  9:56  Twilight Council  
  104  10:04  Sentry  
  104  10:05  Probe (Chrono Boost)  
  107  10:07  Pylon  
  107  10:09  Pylon  
  107  10:11  Forge  
  107  10:16  Probe (Chrono Boost)  
  107  10:18  Probe x2 (Chrono Boost)  
  110  10:24  Resonating Glaives  
  106  10:29  Void Ray  
  110  10:36  Immortal  
  110  10:38  Assimilator  
  114  10:43  Assimilator, Probe (Chrono Boost)  
  114  10:44  Protoss Ground Weapons Level 1  
  114  10:45  Probe (Chrono Boost)  
  114  10:49  Probe (Chrono Boost)  
  117  10:57  Photon Cannon  
  117  10:58  Photon Cannon  
  117  11:09  Gateway  
  117  11:10  Templar Archives  
  117  11:11  Gateway  
  117  11:13  Gateway  
  117  11:19  Gateway  
  117  11:22  Immortal  
  117  11:25  Gateway  
  121  11:35  Probe (Chrono Boost)  
  121  11:42  Adept x3  
  128  11:47  Probe (Chrono Boost)  
  128  12:00  Pylon  
  128  12:02  Immortal, Nexus  
  128  12:03  Photon Cannon  
  128  12:04  Pylon  
  132  12:18  Photon Cannon  
  132  12:19  Photon Cannon  
  132  12:20  Protoss Ground Weapons Level 2  
  130  12:25  High Templar x4  
  130  12:26  Adept  
  130  12:28  Adept  
  130  12:29  Archon x2  
  142  12:30  Blink  
  142  12:39  Warp Prism  
  144  12:47  Probe (Chrono Boost)  
  144  12:49  Probe (Chrono Boost)  
  144  12:50  Photon Cannon  
  146  12:58  Photon Cannon  
  146  12:59  Pylon  
  146  13:04  High Templar  
  146  13:05  High Templar  
  150  13:09  Archon  
  150  13:11  Pylon  
  150  13:15  Observer  
  150  13:16  Adept x3  
  157  13:24  Robotics Bay  
  157  13:43  Assimilator  
  157  13:44  High Templar x2, Adept  
  157  13:45  Adept x3  
  157  13:46  Assimilator  
  169  13:48  Archon  
  169  13:52  Adept x2  
  173  14:01  Robotics Facility  
  173  14:13  Disruptor  
  173  14:16  Protoss Ground Weapons Level 3  
  176  14:44  Pylon  
  176  14:45  Nexus  
  176  14:47  Pylon  
  176  14:49  Adept  
  176  14:52  Disruptor x2  
  172  15:06  Stalker x4  
  172  15:07  Stalker x4  
  182  15:23  Photon Cannon  
  182  15:24  Photon Cannon  
  182  15:26  Photon Cannon  
  182  15:28  Disruptor x2  
  183  15:29  Pylon  
  178  15:47  Stalker x2  
  172  15:55  Stalker x3  
  156  16:03  Disruptor x2  
  150  16:10  Adept x3  
  150  16:11  Adept  
  142  16:39  Disruptor x2  
  144  16:45  Stalker x2  
  144  16:46  Stalker x2  
  148  17:07  Stalker  
  148  17:08  Stalker x3  
  149  17:25  Stalker x2  
  149  17:37  Disruptor  
  152  17:46  Disruptor  
  146  17:55  Probe x2 (Chrono Boost)  
  146  17:57  Probe x2 (Chrono Boost)  
  148  18:05  Probe (Chrono Boost)  
  148  18:09  Probe (Chrono Boost)  
  142  18:18  Probe x2 (Chrono Boost)  
  142  18:19  Probe (Chrono Boost)  
  146  18:21  Probe (Chrono Boost)  
  146  18:27  Stalker x2  
  148  18:28  Probe (Chrono Boost)  
  151  18:39  Probe (Chrono Boost)  
  151  18:40  Probe (Chrono Boost)  
  153  18:49  Disruptor  
  144  19:04  Stalker x3  
  145  19:10  Probe (Chrono Boost)  
  145  19:12  Probe (Chrono Boost)  
  147  19:18  Disruptor  
  147  19:21  Probe (Chrono Boost)  
  151  19:31  Stalker x5  
  133  19:35  Probe (Chrono Boost)  
  133  19:37  Probe x2 (Chrono Boost)  
  143  19:43  Adept x3  
  129  19:45  Disruptor  
  132  19:55  Adept x4  
  132  19:57  Assimilator  
  140  20:06  Adept x2  
  144  20:12  Adept x2  
  140  20:15  Disruptor  
  135  20:23  Disruptor  
  138  20:30  Assimilator  
  138  20:36  Oracle  
  138  20:42  Pylon, Nexus  
  141  20:51  Disruptor  
  138  21:00  Disruptor  
  141  21:06  Stalker x4  
  127  21:27  Disruptor  
  126  21:40  Adept x4  
  134  21:48  Disruptor  
  137  21:59  Adept x3  
  136  22:13  Stalker x3  
  105  22:44  Probe (Chrono Boost)  
  105  22:46  Probe (Chrono Boost)  
  105  22:48  Disruptor  
  107  22:53  Assimilator  
  107  23:06  Nexus  
  107  23:09  Assimilator  
  107  23:10  Pylon  
  107  23:19  Stalker x3  
Show
View Real Time Build Order
Export as new Build Order

Neeb Protoss - Winner!

Build Orders: Oracle Opening 

Get SALT Encoding   

  12  0:00  Probe (Chrono Boost)  
  13  0:11  Probe (Chrono Boost)  
  14  0:19  Pylon  
  14  0:22  Probe (Chrono Boost)  
  15  0:38  Probe (Chrono Boost), Gateway  
  16  0:43  Assimilator  
  16  0:48  Probe (Chrono Boost)  
  17  0:51  Assimilator  
  17  0:59  Probe (Chrono Boost)  
  18  1:07  Gateway  
  18  1:09  Probe (Chrono Boost)  
  19  1:20  Probe (Chrono Boost)  
  19  1:25  Cybernetics Core  
  20  1:30  Probe (Chrono Boost)  
  21  1:36  Pylon  
  21  1:41  Probe (Chrono Boost)  
  22  1:48  Warp Gate  
  22  1:51  Probe (Chrono Boost)  
  23  2:02  Mothership Core (Chrono Boost)  
  23  2:03  Stalker  
  27  2:11  Stalker  
  29  2:19  Pylon  
  29  2:22  Probe (Chrono Boost)  
  30  2:37  Stalker  
  30  2:40  Stalker  
  34  3:03  Nexus  
  35  3:14  Stargate  
  35  3:19  Probe (Chrono Boost)  
  35  3:31  Probe (Chrono Boost)  
  36  3:43  Probe (Chrono Boost)  
  36  3:45  Pylon  
  37  3:55  Probe (Chrono Boost)  
  38  3:57  Oracle  
  38  4:02  Pylon  
  38  4:07  Probe (Chrono Boost)  
  42  4:10  Stalker, Sentry  
  42  4:14  Pylon  
  44  4:28  Void Ray  
  44  4:35  Adept x2  
  44  4:37  Pylon  
  52  4:56  Pylon  
  52  5:01  Adept x2  
  56  5:08  Void Ray  
  56  5:10  Pylon  
  60  5:31  Adept x2  
  64  5:39  Robotics Facility  
  64  5:41  Probe (Chrono Boost)  
  65  5:52  Adept x2  
  70  5:58  Probe (Chrono Boost)  
  66  6:10  Probe (Chrono Boost)  
  59  6:26  Nexus  
  56  6:33  Probe (Chrono Boost)  
  56  6:34  Pylon  
  56  6:39  Observer, Stalker x2  
  61  6:50  Probe (Chrono Boost)  
  61  6:53  Twilight Council  
  61  7:03  Probe (Chrono Boost)  
  61  7:12  Stalker x2  
  61  7:15  Probe (Chrono Boost)  
  66  7:27  Probe (Chrono Boost)  
  66  7:28  Blink  
  67  7:33  Observer  
  68  7:37  Assimilator  
  68  7:39  Assimilator, Probe (Chrono Boost)  
  69  7:48  Probe (Chrono Boost)  
  71  7:51  Immortal  
  71  7:52  Probe (Chrono Boost)  
  76  8:00  Probe (Chrono Boost)  
  76  8:04  Probe (Chrono Boost)  
  77  8:12  Probe (Chrono Boost)  
  78  8:15  Forge  
  78  8:16  Probe (Chrono Boost)  
  78  8:18  Pylon  
  79  8:22  Sentry  
  79  8:23  Stalker  
  79  8:35  Immortal  
  83  8:42  Gateway  
  83  8:44  Gateway  
  83  8:52  Protoss Ground Weapons Level 1  
  82  9:01  Nexus  
  82  9:11  Templar Archives  
  82  9:14  Pylon  
  82  9:17  Immortal  
  85  9:31  Pylon  
  85  9:36  Pylon  
  85  9:38  Pylon  
  82  9:49  High Templar x2  
  82  9:50  Probe x2 (Chrono Boost), Stalker  
  90  9:53  Pylon  
  90  9:55  Stalker  
  92  10:02  Probe (Chrono Boost)  
  92  10:04  Probe (Chrono Boost)  
  95  10:14  Probe (Chrono Boost)  
  95  10:16  Probe (Chrono Boost)  
  95  10:18  High Templar x2  
  98  10:21  Probe (Chrono Boost)  
  98  10:24  Archon  
  98  10:25  Archon  
  98  10:27  Observer, Resonating Glaives, Probe (Chrono Boost)  
  95  10:28  Probe (Chrono Boost)  
  95  10:32  Probe (Chrono Boost)  
  95  10:33  Pylon  
  97  10:38  Protoss Ground Weapons Level 2  
  97  10:39  Probe (Chrono Boost)  
  97  10:40  Gateway  
  97  10:41  Probe (Chrono Boost), Gateway  
  97  10:42  Probe (Chrono Boost)  
  100  10:46  Sentry  
  100  10:47  Adept  
  104  10:53  Probe (Chrono Boost)  
  104  10:54  Probe x2 (Chrono Boost)  
  107  11:04  Warp Prism  
  102  11:09  Probe x2 (Chrono Boost)  
  105  11:13  Assimilator, Probe (Chrono Boost)  
  104  11:18  Assimilator  
  104  11:20  Probe (Chrono Boost)  
  104  11:22  Probe (Chrono Boost)  
  105  11:25  Probe (Chrono Boost)  
  105  11:30  Probe (Chrono Boost)  
  107  11:34  Probe (Chrono Boost)  
  107  11:38  Probe (Chrono Boost)  
  107  11:39  Stalker x3  
  114  11:46  Probe (Chrono Boost), Dark Shrine  
  114  11:47  Probe (Chrono Boost)  
  114  11:49  Pylon  
  114  12:00  Gateway  
  114  12:01  Gateway  
  114  12:02  Immortal  
  118  12:11  High Templar x2  
  118  12:12  Adept x3  
  118  12:13  Adept  
  130  12:25  Archon  
  130  12:31  Probe (Chrono Boost)  
  130  12:32  Probe x2 (Chrono Boost)  
  133  12:42  Probe (Chrono Boost)  
  134  12:46  Photon Cannon  
  134  12:49  Immortal  
  138  12:54  High Templar x4  
  138  12:57  Protoss Ground Weapons Level 3  
  146  12:59  Nexus  
  146  13:00  Archon x2, Robotics Bay  
  146  13:03  Pylon  
  146  13:04  Robotics Facility  
  146  13:11  Pylon  
  146  13:19  Probe (Chrono Boost)  
  149  13:20  Probe (Chrono Boost)  
  149  13:21  Probe (Chrono Boost)  
  149  13:22  Pylon  
  149  13:32  Stalker x3  
  149  13:33  Stalker  
  153  13:34  Stalker  
  155  13:43  Disruptor  
  158  13:49  Disruptor  
  161  14:04  Adept x7  
  161  14:09  Assimilator  
  175  14:11  Assimilator  
  175  14:14  Disruptor  
  175  14:27  Disruptor  
  172  14:38  Photon Cannon  
  175  14:43  Photon Cannon  
  175  14:47  Photon Cannon  
  175  14:49  Stalker x3, Photon Cannon  
  176  15:05  Stalker x5  
  186  15:07  Disruptor x2  
  189  15:45  Stalker x6  
  175  16:02  Disruptor  
  178  16:15  Stalker x8  
  190  16:22  Stargate  
  190  16:31  Disruptor  
  168  16:33  Disruptor  
  163  16:41  Stalker x2  
  163  16:42  Stalker  
  163  16:43  Probe (Chrono Boost)  
  163  16:44  Probe (Chrono Boost)  
  163  16:45  Probe x2 (Chrono Boost)  
  165  16:58  Protoss Shields Level 1  
  162  17:04  Disruptor  
  149  17:20  Adept x8  
  165  17:26  Oracle  
  163  17:32  Disruptor  
  163  17:36  Nexus  
  155  17:45  Disruptor  
  144  17:51  Adept x5  
  144  17:52  Adept  
  153  18:03  Disruptor  
  152  18:16  Pylon  
  152  18:17  Adept  
  152  18:18  Adept x5  
  164  18:28  Disruptor  
  163  18:43  Disruptor  
  151  18:59  Disruptor  
  150  19:14  Assimilator, Stalker x3  
  155  19:17  Assimilator  
  155  19:18  Probe x2 (Chrono Boost), Photon Cannon  
  155  19:19  Adept x3  
  134  19:54  Adept x7  
  134  19:55  Adept  
  150  20:00  Disruptor  
  153  20:08  Disruptor  
  153  20:13  Nexus  
  131  20:23  Oracle  
  134  20:46  Adept x4  
  134  20:47  Adept x4  
  150  20:58  Disruptor x2  
  150  21:10  Stalker x3  
  144  21:35  Stalker x5  
  154  21:40  Assimilator  
  154  21:47  Gateway  
  154  21:51  Gateway  
  154  21:53  Charge, Gateway  
  138  22:27  Disruptor x2  
  123  22:57  Pylon  
  123  22:58  Stalker x8  
  139  23:01  Photon Cannon  
  139  23:08  Pylon, Nexus  
  139  23:18  Stalker x3  
  142  23:30  Zealot x7  
  142  23:31  Zealot  
Tags
 
Add a new tag
Caveats
  • Supply blocks, unpowered buildings, or Contaminate may cause inaccurate times.
  • Supply counts are checked every 10 seconds.